Map: New Repugnancy LE

Players

HeRoMaRinE - Winner!

  • Race: Terran Terran
  • Spawn Location: 7:00

Elazer

  • Race: Zerg Zerg
  • Spawn Location: 1:00

Event: 2019 WCS Summer

VOD

Have the link to the VOD?

Description

Time

  • Played on: July 14, 2019, 6:25 a.m.
  • Length: 19:47

All games in this series

Show
View Real Time Build Order
Export as new Build Order

HeRoMaRinE Terran - Winner!

Build Orders: Liberator Opening, Reaper Expand 

Get SALT Encoding   

  12  0:00  SCV  
  13  0:13  SCV  
  14  0:17  Supply Depot  
  14  0:26  SCV  
  15  0:39  SCV  
  15  0:40  Barracks  
  16  0:44  Refinery  
  16  0:51  SCV  
  17  1:03  SCV  
  18  1:15  SCV  
  19  1:27  Reaper  
  19  1:28  Orbital Command  
  20  1:40  Command Center  
  20  1:49  Supply Depot  
  20  1:53  SCV  
  21  1:59  Marine  
  22  2:05  SCV  
  22  2:08  Factory  
  23  2:14  Refinery  
  23  2:17  SCV  
  23  2:21  Barracks Reactor  
  24  2:29  SCV  
  25  2:41  SCV  
  26  2:52  Starport  
  26  2:53  Orbital Command  
  26  2:54  SCV  
  27  3:04  Barracks Tech Lab, Hellion x2  
  31  3:06  SCV  
  32  3:18  SCV  
  32  3:19  SCV  
  34  3:23  Liberator  
  34  3:25  Supply Depot, Hellion x2  
  34  3:26  Stimpack  
  34  3:27  Marine  
  37  3:30  SCV  
  37  3:31  SCV  
  43  3:42  SCV  
  43  3:43  SCV  
  43  3:44  Marine  
  46  3:54  SCV  
  47  3:55  SCV  
  47  3:57  Barracks  
  47  3:59  Factory Reactor, Barracks  
  47  4:02  Marine  
  48  4:06  SCV  
  48  4:08  SCV, Supply Depot  
  49  4:18  SCV  
  49  4:20  Marine, SCV  
  49  4:21  Supply Depot  
  52  4:26  Starport Reactor  
  52  4:30  SCV  
  53  4:32  SCV  
  53  4:35  Supply Depot  
  53  4:38  Marine  
  55  4:42  Factory Reactor, SCV  
  55  4:44  SCV  
  57  4:47  Supply Depot  
  57  4:49  Marine x2  
  57  4:52  Command Center  
  59  4:54  Marine x2  
  59  4:58  Marine  
  64  5:05  SCV x2  
  64  5:07  Marine x2, Medivac  
  64  5:08  Medivac  
  64  5:12  Engineering Bay  
  70  5:14  Engineering Bay  
  70  5:16  Supply Depot  
  70  5:17  Marine x2  
  70  5:19  Marine  
  73  5:26  SCV x2  
  73  5:27  Combat Shield, Marine x2  
  77  5:31  Refinery  
  77  5:32  Refinery  
  77  5:34  Marine x2  
  79  5:40  Marine  
  79  5:42  Widow Mine x2  
  84  5:45  Marine  
  85  5:50  Terran Infantry Weapons Level 1, Terran Infantry Armor Level 1  
  85  5:51  SCV x2  
  85  5:52  Marine  
  85  5:55  Marine x2  
  90  6:04  SCV x2  
  92  6:07  Orbital Command  
  92  6:08  Marine  
  93  6:11  Marine  
  93  6:15  Marine x2  
  93  6:18  SCV x2  
  95  6:23  Marine  
  95  6:25  Medivac x2  
  97  6:27  Barracks x2, Marine  
  97  6:30  Marine  
  99  6:32  Marine  
  99  6:33  Marine  
  99  6:35  Orbital Command  
  101  6:43  Marine  
  101  6:45  Marine  
  103  6:47  SCV x2  
  103  6:48  Marine  
  106  6:54  Supply Depot  
  106  6:55  Supply Depot  
  106  6:59  SCV x2  
  108  7:01  Marine  
  108  7:03  Supply Depot  
  109  7:08  Armory  
  109  7:15  Marine x4, Barracks Reactor  
  109  7:16  SCV x3  
  117  7:28  SCV x2  
  117  7:29  Barracks Reactor, SCV  
  119  7:30  Marine  
  119  7:33  Marine x2  
  119  7:34  Marine x2  
  118  7:40  SCV  
  118  7:43  Widow Mine, Medivac x2  
  118  7:44  Widow Mine, SCV  
  127  7:45  SCV, Factory  
  127  7:47  Marine  
  130  7:51  Marine x3  
  130  7:55  Marine, SCV  
  125  8:04  Marine x2  
  125  8:05  Marine x2  
  127  8:06  Widow Mine x2  
  127  8:07  Terran Infantry Weapons Level 2, Refinery  
  127  8:11  Terran Infantry Armor Level 2  
  132  8:13  Marine  
  132  8:18  Supply Depot x2  
  133  8:20  Marine  
  133  8:21  Marauder  
  136  8:28  Factory Tech Lab  
  136  8:30  SCV x2  
  136  8:32  Marine x2  
  136  8:33  Command Center  
  140  8:35  Marine  
  140  8:37  Marine  
  140  8:39  Marine x2  
  143  8:44  Marine x2, Marauder  
  143  8:45  Widow Mine  
  143  8:46  Widow Mine  
  149  8:49  Supply Depot  
  149  8:54  Terran Vehicle And Ship Armor Level 1  
  149  8:55  Drilling Claws  
  127  9:03  Marine x4  
  127  9:04  Widow Mine  
  127  9:05  Marine, Marauder, Medivac x2  
  127  9:07  Marine x2  
  127  9:09  Marine  
  141  9:21  Marine x2  
  141  9:22  Widow Mine x2  
  147  9:25  Marine x2  
  147  9:26  Marauder  
  147  9:30  Marine x2  
  151  9:32  Marine x2  
  151  9:35  Widow Mine  
  152  9:39  Barracks, Marine x2  
  152  9:42  Barracks  
  152  9:43  Marine x2, Widow Mine x2  
  151  9:47  Marine  
  151  9:48  SCV x3  
  151  9:51  Marine  
  151  9:54  Marine  
  147  10:00  Marine x3, SCV x3  
  147  10:03  Marine x2  
  147  10:04  Marine  
  147  10:06  Marine  
  154  10:09  Marine  
  154  10:12  Marine, SCV  
  154  10:13  SCV x2  
  143  10:17  Medivac x2  
  143  10:18  Marine  
  147  10:24  Marine x2, SCV  
  147  10:25  Marine x2, SCV  
  147  10:27  Marine x2  
  153  10:32  Marine x2  
  153  10:33  Planetary Fortress  
  146  10:35  Marine  
  146  10:38  Terran Infantry Weapons Level 3  
  146  10:39  Barracks Tech Lab x2  
  146  10:42  Marine x2  
  149  10:43  Marine  
  149  10:44  Widow Mine  
  149  10:47  Widow Mine  
  154  10:51  Marauder  
  154  10:52  Marine  
  154  10:53  Marine  
  154  10:55  Marine x3  
  159  10:58  Widow Mine  
  159  11:00  Barracks  
  159  11:01  SCV x2  
  159  11:04  Marine x2, Marauder  
  164  11:05  Widow Mine  
  164  11:06  Missile Turret  
  156  11:13  Marauder  
  156  11:15  Widow Mine  
  154  11:19  Marine x2, Widow Mine  
  154  11:20  Marine x2  
  154  11:22  Marauder  
  154  11:23  Marine  
  163  11:26  Concussive Shells  
  163  11:28  Marauder  
  163  11:29  Marine x2  
  167  11:33  Terran Vehicle And Ship Armor Level 2, Terran Infantry Armor Level 3  
  167  11:34  Marauder  
  167  11:38  Starport x2  
  167  11:39  Refinery x2  
  169  11:41  Fusion Core  
  169  11:42  SCV  
  169  11:43  SCV x3  
  169  11:44  Marine x2  
  174  11:48  Marine x2  
  174  11:49  Marine x4  
  180  12:08  Marine  
  180  12:09  Widow Mine  
  180  12:14  Starport Reactor  
  180  12:15  Starport Tech Lab  
  179  12:16  Marauder  
  179  12:17  Widow Mine  
  179  12:18  Marine  
  179  12:19  Marine  
  179  12:20  Marauder, Liberator  
  175  12:24  Marine x2  
  175  12:25  Marine x2  
  175  12:26  Marauder, Marine x2  
  149  12:31  Command Center  
  149  12:33  Medivac x2  
  149  12:36  Marine  
  154  12:37  Marauder  
  154  12:39  Marine  
  154  12:41  Marauder  
  154  12:42  Marine x2  
  154  12:43  Marine  
  165  12:45  Supply Depot  
  165  12:53  Liberator  
  165  12:54  Advanced Ballistics  
  165  12:56  Supply Depot  
  165  12:57  Liberator  
  165  12:59  Liberator  
  165  13:05  Liberator  
  165  13:06  Marauder, Marine  
  171  13:14  Refinery  
  171  13:17  SCV x2  
  171  13:18  SCV  
  170  13:27  Marine x2, Barracks Tech Lab  
  173  13:33  Liberator  
  174  13:38  Marine x2, Liberator  
  174  13:39  Marine x2  
  174  13:42  Marine x2  
  161  13:49  Planetary Fortress  
  165  14:00  SCV x3  
  165  14:02  Refinery  
  168  14:03  Liberator, Widow Mine  
  168  14:05  Widow Mine  
  168  14:07  Marine x2  
  173  14:11  Marine  
  173  14:12  Marine  
  173  14:13  Marine  
  173  14:14  Marine  
  173  14:15  Marine  
  177  14:21  Marine  
  177  14:23  Marine  
  179  14:24  Marine  
  179  14:28  Missile Turret  
  179  14:31  Marine x2  
  161  14:34  Marine x2  
  161  14:37  Marine  
  161  14:38  Marine, Liberator  
  153  14:40  Marine, Liberator  
  153  14:43  Marine x2  
  153  14:44  Liberator  
  156  14:45  Marine  
  156  14:47  Marine x2  
  165  15:02  Marine  
  149  15:15  Marauder, Marine x3  
  149  15:16  Marine, Marauder  
  149  15:17  Marine  
  149  15:18  Marine, Liberator  
  142  15:21  Marine x2  
  125  15:30  Marauder, Marine  
  125  15:33  Marine  
  129  15:40  Cyclone  
  135  15:44  Marauder x2  
  135  15:45  Liberator  
  135  15:47  Marine  
  135  15:48  Marine x2  
  142  15:51  SCV x2  
  142  15:55  Marine x2  
  146  15:57  Marine  
  146  15:58  Marine  
  148  16:09  Marauder x2  
  149  16:14  Marauder x2  
  153  16:20  Widow Mine x3  
  159  16:29  SCV x2  
  159  16:30  Marauder x2  
  159  16:32  Orbital Command  
  165  16:35  SCV  
  165  16:39  Sensor Tower  
  166  16:41  SCV x2  
  169  16:47  SCV  
  169  16:51  Marauder x2  
  169  16:53  Marauder, SCV  
  169  16:54  Marauder  
  178  16:56  SCV  
  178  16:58  Marine x2  
  178  16:59  Marine, SCV  
  181  17:12  Missile Turret  
  181  17:13  Missile Turret  
  181  17:14  SCV x2  
  181  17:15  SCV x2  
  185  17:16  Marauder  
  185  17:19  Marauder, Liberator  
  180  17:25  Supply Depot x2  
  180  17:26  Liberator, SCV  
  180  17:29  Liberator  
  182  17:30  Liberator  
  186  17:50  Marauder  
  171  18:02  Marauder x3  
  171  18:03  Marine x2  
  179  18:12  Marauder  
  181  18:13  Marine x2  
  181  18:14  Marine  
  181  18:16  SCV x2  
  181  18:19  SCV  
  176  18:20  SCV  
  176  18:23  Marauder x2  
  176  18:24  Marauder  
  176  18:25  Marine  
  176  18:26  Marine x3  
  146  18:29  Marine  
  146  18:30  Marine  
  146  18:31  Marine  
  146  18:32  Marine  
  146  18:33  Marine  
  137  18:36  SCV  
  138  18:43  Marine x2  
  138  18:44  Marine x2  
  138  18:45  Marauder x2, Marine  
  138  18:47  Widow Mine x3  
  153  18:52  Marauder  
  153  18:54  Marine x2  
  151  18:58  Marine x2  
  151  19:01  Medivac x3  
  151  19:03  Marauder  
  151  19:04  Marine  
  151  19:05  Marine  
  151  19:06  Marauder x2, Medivac  
  151  19:08  Medivac  
  161  19:14  Marauder  
  161  19:16  Marine x2  
  147  19:17  Marine  
  147  19:23  Marine x3  
  136  19:24  Marauder, Marine  
Show
View Real Time Build Order
Export as new Build Order

Elazer Zerg 

Build Orders: Hatch First 

Get SALT Encoding   

  12  0:00  Drone  
  13  0:12  Overlord  
  13  0:17  Drone  
  14  0:30  Drone x2  
  16  0:48  Hatchery  
  15  0:51  Drone  
  15  0:54  Drone  
  17  0:58  Drone  
  18  1:08  Extractor  
  17  1:14  Spawning Pool  
  17  1:16  Drone  
  17  1:20  Drone  
  18  1:28  Drone  
  19  1:39  Drone  
  20  1:49  Drone  
  21  2:00  Queen x2  
  21  2:01  Zergling x4  
  27  2:15  Hatchery  
  26  2:19  Overlord  
  26  2:21  Drone  
  27  2:25  Drone  
  28  2:35  Metabolic Boost  
  27  2:39  Drone x3  
  30  2:47  Queen  
  30  2:50  Overlord  
  32  2:53  Drone  
  32  2:56  Drone  
  34  2:58  Drone  
  35  3:09  Drone x5  
  40  3:18  Drone  
  40  3:19  Overlord  
  41  3:22  Queen  
  43  3:28  Drone x2  
  43  3:33  Queen  
  47  3:36  Overlord  
  47  3:40  Zergling x6  
  50  3:43  Zergling x2  
  50  3:47  Zergling x2  
  50  3:48  Drone x2  
  54  3:49  Drone  
  54  3:53  Drone  
  56  3:57  Drone x3  
  56  3:59  Queen  
  61  4:03  Drone x2  
  61  4:05  Drone  
  64  4:10  Drone  
  64  4:15  Drone, Overlord  
  66  4:18  Baneling Nest  
  66  4:21  Drone  
  65  4:24  Overlord  
  65  4:27  Spore Crawler  
  65  4:29  Drone  
  65  4:30  Spore Crawler  
  65  4:31  Drone x2, Spore Crawler  
  63  4:34  Drone x4  
  69  4:38  Lair  
  69  4:42  Queen  
  69  4:45  Extractor  
  70  4:46  Drone x2  
  70  4:47  Extractor  
  70  4:49  Drone x3  
  70  4:51  Drone  
  75  4:53  Drone x2  
  75  4:54  Drone  
  75  4:56  Drone  
  75  4:57  Drone  
  75  4:59  Overlord  
  80  5:02  Overlord  
  80  5:11  Zergling x2  
  80  5:12  Overlord x2  
  81  5:19  Extractor, Overlord  
  80  5:23  Evolution Chamber  
  80  5:24  Evolution Chamber  
  80  5:26  Zergling x8, Hatchery  
  80  5:27  Baneling x2  
  81  5:30  Baneling  
  81  5:31  Zergling x6  
  81  5:34  Overlord  
  84  5:37  Queen  
  84  5:41  Centrifical Hooks  
  86  5:43  Drone x3  
  86  5:45  Zergling x4  
  91  5:50  Drone x3  
  91  5:53  Zergling x6  
  91  5:55  Baneling x4  
  97  5:59  Overlord  
  97  6:00  Zergling x4  
  99  6:07  Overlord  
  98  6:12  Zerg Ground Armor Level 1, Zerg Melee Weapons Level 1  
  98  6:19  Overlord  
  98  6:24  Queen  
  98  6:27  Drone x3  
  98  6:28  Drone x6  
  107  6:36  Queen  
  107  6:37  Overlord  
  107  6:38  Overlord  
  107  6:39  Baneling x3  
  109  6:40  Zergling x8  
  109  6:45  Zergling x4  
  114  6:49  Baneling x5  
  114  6:52  Overlord  
  114  6:54  Drone  
  115  6:55  Zergling x14  
  122  7:04  Overlord  
  122  7:06  Zergling x2, Burrow  
  122  7:07  Zergling x4  
  125  7:10  Overlord  
  125  7:12  Zergling x2  
  126  7:18  Zergling x4  
  126  7:22  Baneling x13  
  126  7:23  Zergling x2  
  126  7:24  Zergling x8  
  131  7:37  Hydralisk Den, Drone x3, Extractor  
  131  7:38  Drone  
  131  7:40  Drone, Extractor  
  131  7:41  Drone x2  
  125  7:45  Overlord  
  125  7:48  Drone x3  
  125  7:49  Drone, Hatchery  
  125  7:50  Baneling x6  
  125  7:51  Overseer  
  128  7:58  Zergling x18  
  123  8:00  Baneling x10  
  123  8:05  Zergling x6  
  125  8:09  Grooved Spines  
  125  8:10  Zergling x2  
  126  8:13  Drone  
  126  8:16  Zergling x10  
  132  8:22  Zergling x2  
  133  8:28  Hydralisk x6  
  145  8:39  Zerg Ground Armor Level 2  
  144  8:46  Zerg Missile Weapons Level 1  
  144  8:48  Drone  
  144  8:49  Drone x2, Extractor  
  144  8:50  Spore Crawler  
  144  8:51  Baneling, Hydralisk x3  
  144  8:52  Zergling x10  
  141  9:03  Zergling x14  
  144  9:11  Hydralisk x3  
  144  9:12  Hatchery  
  144  9:16  Hydralisk  
  144  9:17  Hydralisk x2  
  149  9:19  Zergling x8  
  149  9:20  Muscular Augments  
  158  9:28  Zergling x16  
  162  9:33  Zergling x4  
  162  9:35  Baneling x14  
  162  9:37  Zergling x2  
  162  9:38  Zergling x2  
  164  9:44  Zergling x12  
  169  9:47  Overlord  
  169  9:48  Infestation Pit  
  169  9:51  Hydralisk x3  
  166  9:58  Hydralisk  
  166  9:59  Hydralisk x3  
  170  10:00  Zergling x8  
  170  10:01  Baneling x3  
  168  10:08  Zergling x14  
  168  10:11  Zergling x2  
  168  10:12  Zergling x6  
  158  10:19  Zergling x6  
  158  10:21  Baneling x8  
  161  10:23  Zergling x4  
  161  10:28  Zergling x12  
  161  10:32  Zergling x10  
  161  10:34  Hive  
  170  10:36  Zergling x8  
  170  10:40  Hydralisk x5  
  184  10:43  Zerg Melee Weapons Level 2  
  184  10:47  Drone x3  
  184  10:49  Drone x3  
  190  10:54  Zergling x4  
  191  11:05  Zergling x2  
  191  11:06  Zergling x18  
  191  11:10  Zergling x12  
  190  11:13  Zergling x2  
  190  11:14  Zergling x4  
  182  11:22  Drone  
  182  11:23  Zergling x6, Drone  
  179  11:27  Baneling x7  
  179  11:31  Zergling x2  
  179  11:32  Zergling x12  
  186  11:34  Hatchery  
  186  11:38  Extractor  
  186  11:39  Zergling x12, Spore Crawler  
  188  11:40  Zergling x2, Spore Crawler  
  188  11:41  Zergling x2  
  188  11:55  Zergling x18  
  188  11:56  Zergling x6  
  188  11:59  Baneling x10  
  200  12:02  Baneling x11  
  198  12:13  Adrenal Glands  
  198  12:14  Ultralisk Cavern  
  185  12:27  Zergling x44  
  166  12:30  Zergling x2  
  166  12:31  Zergling x6  
  166  12:33  Zergling x6  
  170  12:37  Baneling x9  
  170  12:39  Zergling x14  
  170  12:43  Baneling x11  
  179  12:45  Zergling x4  
  179  12:48  Baneling  
  179  12:49  Baneling x5  
  179  12:50  Zergling x8  
  185  12:55  Zerg Ground Armor Level 3  
  185  13:02  Zergling x16  
  193  13:10  Ultralisk Cavern  
  172  13:31  Zerg Melee Weapons Level 3  
  172  13:32  Zergling x24, Spire  
  179  13:41  Zergling x22  
  176  13:51  Zergling x24  
  176  13:52  Zergling x8  
  191  14:00  Chitinous Plating  
  191  14:03  Ultralisk  
  191  14:06  Hatchery  
  187  14:29  Ultralisk x4  
  187  14:30  Zergling x12  
  187  14:31  Zergling x2  
  182  14:37  Zergling x10  
  156  14:41  Zergling x8  
  156  14:44  Baneling x12  
  159  14:45  Zergling x4  
  159  14:49  Zergling x8  
  162  14:54  Drone x4  
  162  14:55  Drone  
  167  15:06  Zergling x16  
  157  15:20  Zergling x14  
  125  15:25  Zergling x8  
  117  15:31  Corruptor x3  
  117  15:35  Corruptor x2  
  122  15:43  Corruptor x2  
  126  15:50  Corruptor x2  
  125  16:03  Drone x3  
  125  16:04  Drone  
  124  16:06  Drone x5  
  124  16:08  Drone x2  
  128  16:17  Infestor x3  
  133  16:39  Hatchery, Corruptor x3  
  132  16:45  Overseer x2  
  138  16:50  Infestor x4  
  138  16:54  Anabolic Synthesis  
  146  17:13  Drone x8  
  145  17:23  Infestor x2  
  145  17:24  Infestor x3  
  145  17:27  Infestor x2  
  145  17:28  Infestor x2  
  151  17:31  Queen  
  153  17:39  Baneling x8  
  153  17:40  Zergling x24  
  153  17:43  Zergling x4  
  166  17:57  Zergling x20  
  164  18:01  Baneling x4  
  159  18:06  Queen  
  159  18:08  Zergling x14  
  160  18:13  Corruptor x2  
  160  18:18  Infestor x5  
  143  18:20  Drone  
  143  18:23  Zergling x2  
  143  18:24  Zergling x12  
  121  18:29  Zergling x2  
  121  18:30  Zergling x6  
  118  18:36  Zergling x10  
  122  18:46  Ultralisk  
  124  18:58  Zergling x2  
  124  18:59  Zergling x16  
  119  19:06  Zergling x8  
  113  19:21  Zergling x16  
Tags
 
Add a new tag
Caveats
  • Supply blocks, unpowered buildings, or Contaminate may cause inaccurate times.
  • Supply counts are checked every 10 seconds.